Unix NetHack Version 3.7.0-101 Work-in-progress - last build Mar 4 2024 13:34:30 (3c4ac04b664b9ee0831c739617f054b5b60dbfd1,branch:master). Game began 2024-03-21 10:24:05, ended 2024-03-21 21:49:45. misanthrope, lawful female human Valkyrie 0######## ################################### ------- -----..###*#** ---------.----------------------# |.....| |......###**## |.......*...)..........^.......-## ###-.....| |.....-##############.........----))......-|-------.|### # |...<.| |....>|#*###*#0######|..........*[.))..)..|..|....|.|#####@#......| -------#########0####......-.....|..).....|..|....|..# ### |.....| ##* ## ## #......|..|------.....-----|---.|# # # ------- *### ##|.|-----.|%%|..|..`.).[.[).....|# # # # #|.|....|.|.%|..|....[.....----.|# # # ### ##|.|._..|.|.@|-.-.*{.......|..|0.###### ### #|.|@...-.--|-.............-..|.| ### ##...-...... ##|.|....|...cV.-|-----.-|-----|.| ##### #..........####|.|----------F|@/|..|.|@.(|..|.| # # ##..........####|.|...|.{|....|?.|.)..|.(/|..|.| #### ------------ 0|........|####|.-..%|*.|....|/%|---.|(((|..|.| # |..).......| .......... #|.------|---------.{).-----|--.| ##...........| ..---..... #|..............................| |..........| #-------------------------------- ------------ Misanthrope the Vampire Lady St:18/** Dx:17 Co:18 In:10 Wi:14 Ch:11 Lawful Dlvl:7 $:0 HP:0(61) Pw:0(0) AC:-17 HD:12 T:18003 Burdened Fly Latest messages: q - an uncursed potion of gain energy. b - an uncursed ring of levitation. c - an uncursed ring of protection from shape changers. What do you want to read? [fX or ?*] As you read the scroll, it disappears. v - a cursed +3 ring of adornment. What do you want to wield? [- agHT or ?*] T - a war hammer (weapon in left hand). What do you want to wield? [- agHT or ?*] a - an uncursed thoroughly rusty corroded +4 spear (weapon in left hand). What do you want to wield? [- agHT or ?*] T - a war hammer (weapon in left hand). What do you want to use or apply? [egikruwE-HJKORW or ?*] You put a scroll labeled VE FORBRYDERNE into the sack. You put a potion called object detection into the sack. You put an uncursed potion of gain energy into the sack. You put a potion of gain energy into the sack. You put a blessed potion of restore ability into the sack. You put a cursed +3 ring of adornment into the sack. You put a ring of gain strength into the sack. You put an uncursed ring of levitation into the sack. You put an uncursed ring of protection from shape changers into the sack. You put a wand of digging into the sack. You put a wand of digging into the sack. You put a wand of make invisible into the sack. You put a wand of striking into the sack. You put a brass lantern into the sack. You put an uncursed pick-axe into the sack. You put a tinning kit into the sack. You put a unicorn horn into the sack. You put 3 black gems into the sack. You put a blue gem into the sack. You put a blue gem into the sack. You put 3 green gems into the sack. You put a green gem into the sack. You put 4 red gems into the sack. You put 6 white gems into the sack. You put 3 white gems into the sack. You put a yellowish brown gem into the sack. What do you want to take off? [jtyzC or ?*] You can see through yourself. You were wearing an uncursed +0 mummy wrapping. The cockatrice misses! The cockatrice misses! You hit the cockatrice. You bite the cockatrice. You turn to stone... Tjisolok looks at your corpse, shakes his head, and sighs. Do you want your possessions identified? [ynq] (y) Do you want to see your attributes? [ynq] (y) Inventory: Amulets ('"') M - an uncursed amulet of reflection (being worn) Weapons (')') a - an uncursed thoroughly rusty corroded +4 spear T - an uncursed +0 war hammer (weapon in left hand) Armor ('[') y - an uncursed rusty +0 dwarvish iron helm (being worn) C - an uncursed very burnt +0 pair of leather gloves (being worn) z - an uncursed +1 pair of iron shoes (being worn) j - an uncursed burnt +3 small shield (being worn) t - an uncursed +0 mummy wrapping V - an uncursed +0 dwarvish mithril-coat (being worn) Rings ('=') p - an uncursed ring of polymorph control (on right hand) h - an uncursed ring of slow digestion (on left hand) Wands ('/') K - an uncursed wand of cancellation (0:0) i - an uncursed wand of cold (0:7) F - an uncursed wand of make invisible (0:6) u - an uncursed wand of slow monster (0:6) W - an uncursed wand of striking (0:0) Tools ('(') w - an uncursed sack containing 75 items k - an uncursed skeleton key Gems/Stones ('*') G - an uncursed luckstone Contents of the sack: 4032 gold pieces an uncursed +0 pair of water walking boots 4 uncursed food rations an uncursed tripe ration an uncursed lizard corpse an uncursed scroll of gold detection an uncursed scroll of amnesia 3 blessed scrolls of blank paper 7 uncursed scrolls of blank paper a cursed scroll of blank paper an uncursed scroll of confuse monster an uncursed scroll of earth a blessed scroll of earth a cursed scroll of enchant armor a blessed scroll of enchant weapon an uncursed scroll of fire a blessed scroll of food detection a blessed scroll of light 2 uncursed scrolls of light 2 uncursed scrolls of magic mapping a blessed scroll of punishment 3 uncursed scrolls of remove curse an uncursed potion of object detection an uncursed potion of confusion an uncursed potion of gain energy a cursed potion of gain energy an uncursed potion of healing an uncursed potion of monster detection a blessed potion of oil a blessed potion of restore ability a potion of holy water a potion of unholy water an uncursed potion of water a cursed +3 ring of adornment an uncursed ring of cold resistance an uncursed ring of conflict an uncursed ring of fire resistance a blessed +2 ring of gain constitution an uncursed +1 ring of gain strength an uncursed +1 ring of increase damage an uncursed ring of levitation an uncursed ring of protection from shape changers a cursed ring of shock resistance an uncursed ring of shock resistance an uncursed ring of slow digestion an uncursed ring of stealth an uncursed ring of sustain ability an uncursed ring of sustain ability an uncursed wand of digging (0:5) an uncursed wand of digging (0:8) an uncursed wand of digging (0:4) a blessed wand of magic missile (0:5) a cursed wand of make invisible (0:5) an uncursed wand of striking (0:4) an uncursed brass lantern an uncursed lock pick an uncursed magic whistle named Col Stl Spd SIn Poi Tpy Shk Inv P04 an uncursed oil lamp an uncursed +0 pick-axe an uncursed tinning kit (0:61) an uncursed +0 unicorn horn an uncursed +0 unicorn horn 3 uncursed worthless pieces of black glass an uncursed sapphire an uncursed turquoise stone an uncursed aquamarine stone 3 uncursed emeralds 4 uncursed rubies 3 uncursed diamonds 6 uncursed worthless pieces of white glass an uncursed topaz stone 4 uncursed amethyst stones an uncursed jade stone an uncursed jasper stone an uncursed jet stone Misanthrope the Valkyrie's attributes: Background: You were in female vampire lady form. You were actually a Woman-at-arms, a level 10 human Valkyrie. You were lawful, on a mission for Tyr who was opposed by Odin (neutral) and Loki (chaotic). You were left-handed. You were in the Gnomish Mines, on level 7. You entered the dungeon 18003 turns ago. Basics: You had 0 out of 61 hit points. You had no energy points (spell power). You had 12 hit dice. Your armor class was -17. Your wallet was empty, but you had 4032 zorkmids stashed away in your pack. Autopickup was off. Final Characteristics: Your strength was 18/100. Your dexterity was 17. Your constitution was 18. Your intelligence was 10. Your wisdom was 14. Your charisma was 11. Final Status: You were transformed. You were flying. You weren't hungry. You were burdened; movement was slightly slowed. You were wielding a hammer. You were unskilled in hammer. Final Attributes: You were piously aligned. You were cold resistant. You were sleep resistant. You were shock resistant. You were poison resistant. You were level-drain resistant. You saw invisible. You were telepathic. You were aware of the presence of humans and elves. You were invisible to others. You were stealthy. You could survive without air. You regenerated. You had slower digestion. You had a small defense bonus (+4). You were guarded. You had polymorph control. You were polymorphed into a vampire lady. You were harmed by silver. You were fast. You had reflection. You were lucky. You had extra luck. Bad luck did not time out for you. Good luck did not time out for you. You are dead. Miscellaneous: You encountered 1 bones level. Total elapsed playing time was 5 hours, 55 minutes and 41 seconds. Major events: Turn 1: misanthrope the lawful human Valkyrie entered the dungeon 1476: attained the rank of Skirmisher (level 3) 2874: entered the Gnomish Mines 3689: attained the rank of Fighter (level 6) 5812: reached Mine Town 7782: destroyed Razzberry's ghost, the former Footpad 9337: stole 312 solaris worth of merchandise from Morven's second-hand bookstore 11196: entered Sokoban 11549: completed 1st Sokoban level 12067: completed 2nd Sokoban level 12545: completed 3rd Sokoban level 13371: completed 4th Sokoban level 13688: attained the rank of Woman-at-arms (level 10) 13938: acquired the Sokoban amulet of reflection 17130: acquired the Mines' End luckstone 18003: petrified by a cockatrice Vanquished creatures: a baby orange dragon a ghost 3 giant mimics a long worm a zruty 2 large mimics a stalker a winter wolf 11 small mimics a glass piercer 3 xans a quantum mechanic 2 trolls a sasquatch a wood golem a gelatinous cube a pyrolisk a large dog a freezing sphere 2 flaming spheres a large cat a gargoyle a tengu an ochre jelly a leocrotta 2 mountain centaurs an elf mummy a python a pit viper a carnivorous ape 2 leather golems a Grey-elf 3 watchmen an amorous demon a chameleon a giant beetle a quivering blob a cockatrice 8 wolves 5 winter wolf cubs 5 gremlins 5 leprechauns 2 iron piercers a giant spider a scorpion 2 horses 5 black lights a vampire bat 3 gnome rulers an orc mummy 2 dwarf mummies 5 ogres 4 rust monsters 2 owlbears a gold golem 3 lizards a dingo 2 housecats a jaguar 2 blue jellies a white unicorn a black unicorn 2 plains centaurs 3 gnome mummies 2 snakes 2 water moccasins 8 apes a human zombie a rope golem 2 fire ants an imp 2 quasits a wood nymph a water nymph a mountain nymph 7 Mordor orcs 23 Uruk-hai 2 rock moles a woodchuck 4 ponies 6 fog clouds 7 yellow lights a violet fungus 21 gnome leaders 6 gnomish wizards 4 gray oozes 2 elf zombies a ghoul 2 straw golems 4 paper golems 6 giant ants 2 little dogs 4 floating eyes 2 kittens 10 dwarves a homunculus 3 kobold leaders 14 hill orcs a rothe 2 rabid rats a centipede a giant bat 2 monkeys an orc zombie a dwarf zombie 2 wererats a werejackal 12 iguanas 15 killer bees 3 acid blobs 8 coyotes 2 gas spores 5 hobbits 17 manes a large kobold 2 hobgoblins 3 giant rats 3 cave spiders 5 brown molds 4 yellow molds a green mold 2 red molds 73 gnomes 22 garter snakes 2 gnome zombies 12 geckos 6 jackals a fox 2 kobolds a goblin 5 sewer rats 6 grid bugs 2 bats 8 lichens 10 newts 528 creatures vanquished. No species were genocided or became extinct. Voluntary challenges: You read items or engraved 29 times. You engraved Elbereth 7 times. You never genocided any monsters. You used no wishes. You did not violate any of the special Sokoban rules. Achievements: You attained the rank of Skirmisher. You entered the Gnomish Mines. You attained the rank of Fighter. You entered Minetown. You entered a shop. You entered a temple. You entered Sokoban. You attained the rank of Woman-at-arms. You completed Sokoban. You completed the Gnomish Mines. The Dungeons of Doom: levels 1 to 9 Level 1: Level 2: An altar, a fountain. Level 3: Stairs down to The Gnomish Mines. Level 4: "vault" Final resting place for Razzberry-Rog-Hum-Mal-Cha, killed by a bat. Level 5: "vault,done" Level 6: "unicorn" A scroll shop, a fountain. Level 7: A general store, a fountain. Level 8: Many fountains. Oracle of Delphi. Level 9: Stairs up to Sokoban, level 8. The Gnomish Mines: levels 4 to 12 Level 4: Level 5: Level 6: Level 7: <- You were here. A temple and an altar to Tyr, some fountains, a sink. Final resting place for you, petrified by a cockatrice. Level 8: Level 9: Level 10: Level 11: Level 12: Sokoban: levels 8 up to 5 Level 5: Solved. Level 6: Solved. Level 7: Solved. Level 8: Solved. Game over: ---------- / \ / REST \ / IN \ / PEACE \ / \ | misanthrope | | 4032 Au | | petrified by a | | cockatrice | | | | | | 2024 | *| * * * | * _________)/\\_//(\/(/\)/\//\/|_)_______ Farvel misanthrope the Valkyrie... You turned to stone in The Gnomish Mines on dungeon level 7 with 42767 points, and 4032 pieces of gold, after 18003 moves. You were level 10 with a maximum of 91 hit points when you turned to stone.